 Dungeon Crawl Stone Soup version 0.25-a0-478-g33c61bdccf (webtiles) character file.

Game seed: 16508857281737127721, levelgen mode: deterministic

32813 vurker the Zephyrmancer (level 13, -1/57 HPs)
             Began as a Felid Air Elementalist on Feb 8, 2020.
             Was a High Priest of Vehumet.
             Shot with an arrow by a centaur warrior (19 damage)
             ... on level 13 of the Dungeon.
             The game lasted 00:55:46 (41245 turns).

vurker the Zephyrmancer (Felid Air Elementalist)   Turns: 41245, Time: 00:55:47

Health: -1/57      AC:  3    Str:  4    XL:     13   Next: 33%
Magic:  1/40       EV: 24    Int: 23    God:    Vehumet [*****.]
Gold:   439        SH:  0    Dex: 17    Spells: 11/38 levels left
                                        Lives:  0   Deaths: 3

rFire    . . .     SeeInvis +   (weapon unavailable)
rCold    + . .     Gourm    .   (shield unavailable)
rNeg     + . .     Faith    .   (armour unavailable)
rPois    +         Spirit   .   (helmet unavailable)
rElec    .         Reflect  .   (cloak unavailable)
rCorr    .         Harm     .   (gloves unavailable)
MR       +....                  (boots unavailable)
Stlth    +++++.....             (no amulet)
HPRegen  0.19/turn              F - ring of magical power
MPRegen  0.27/turn              H - ring "Zucuimif" {rPois rN+ Int+2}

@: studying Evocations, quick
A: very small, no armour, no weapons or thrown items, stealth, claws 1, fangs 3,
see invisible, carnivore, speed 1, shaggy fur 3, slow metabolism 1, sharp paws
a: Renounce Religion


You were on level 13 of the Dungeon.
You worshipped Vehumet.
Vehumet was extremely pleased with you.
You were completely stuffed.

You visited 4 branches of the dungeon, and saw 22 of its levels.

You collected 1874 gold pieces.
You spent 1435 gold pieces at shops.

Inventory:

Jewellery
 m - an uncursed ring of fire
   (You found it on level 5 of the Dungeon)
 r - the ring of Zyfi {*Drain +Blink Int+8 Slay+3}
   (You found it on level 7 of the Dungeon)

   [ring of slaying]

   It affects your intelligence (+8).
   It affects your accuracy and damage with ranged weapons and melee attacks
   (+3).
   It lets you blink.
   It causes draining when unequipped.
 u - an uncursed ring of protection from magic {unknown}
   (You found it on level 13 of the Dungeon)
 w - a +5 ring of protection
   (You found it on level 7 of the Dungeon)
 C - an uncursed ring of protection from cold
   (You found it on level 9 of the Dungeon)
 F - a ring of magical power (left paw)
   (You found it on level 11 of the Dungeon)
 H - the ring "Zucuimif" (right paw) {rPois rN+ Int+2}
   (You found it on level 12 of the Dungeon)

   [ring of positive energy]

   It affects your intelligence (+2).
   It protects you from poison.
   It protects you from negative energy.
Wands
 q - a wand of polymorph (24)
   (You took it off Grinder on level 3 of the Dungeon)
 t - a wand of flame (64)
   (You found it on level 8 of the Dungeon)
 v - a wand of digging (4)
   (You found it on level 3 of the Lair of Beasts)
Scrolls
 a - 5 scrolls of immolation
 d - 2 scrolls of fear
 f - 6 scrolls of fog
 g - 3 scrolls of teleportation
 i - 3 scrolls of magic mapping
 k - 6 scrolls of amnesia
 l - 8 scrolls of remove curse
 y - 2 scrolls of blinking
 G - 9 scrolls of identify
Potions
 b - 6 potions of flight
 h - 6 potions of heal wounds
 j - a potion of magic
 n - 4 potions of brilliance
 o - 2 potions of haste
 p - a potion of resistance
 s - 8 potions of curing
 A - a potion of cancellation
 E - 3 potions of mutation
Books
 c - a manual of Evocations
   (You bought it in a shop on level 2 of the Orcish Mines)
Miscellaneous
 z - a sack of spiders
 B - a box of beasts
Comestibles
 e - 37 rations
 x - a chunk of flesh


   Skills:
 + Level 7.4 Fighting
 + Level 8.5 Dodging
 + Level 9.0 Stealth
 * Level 13.0 Spellcasting
 + Level 9.7 Conjurations
 * Level 13.2 Air Magic
 + Level 10.2 Evocations


You had 11 spell levels left.
You knew the following spells:

 Your Spells              Type           Power        Failure   Level  Hunger
a - Orb of Destruction    Conj           ######....   17%         7    ######.
b - Lightning Bolt        Conj/Air       ######....   1%          5    ###....
c - Airstrike             Air            ######....   1%          4    None
q - Irradiate             Conj/Tmut      #####.....   4%          5    ###....
w - Conjure Ball Lightni  Conj/Air       ######....   1%          6    #####..

Your spell library contained the following spells:

 Spells                   Type           Power        Failure   Level  Hunger
 Foxfire                  Conj/Fire      ####         1%          1    None
 Sandblast                Erth           ##....       1%          1    None
 Shock                    Conj/Air       ####         1%          1    None
 Swiftness                Chrm/Air       #####...     1%          2    None
 Conjure Flame            Conj/Fire      #####...     1%          3    None
 Static Discharge         Conj/Air       ######..     1%          3    None
 Sticky Flame             Conj/Fire      #####...     1%          4    None
 Ignite Poison            Fire/Tmut/Pois ##......     3%          3    None
 Inner Flame              Hex/Fire       ##......     3%          3    None
 Fireball                 Conj/Fire      #####.....   4%          5    ###....
 Sublimation of Blood     Necr           ##........   6%          2    None
 Confusing Touch          Hex            ##......     12%         3    None
 Gell's Gravitas          Tloc           ##........   12%         3    None
 Recall                   Summ/Tloc      N/A          12%         3    None
 Yara's Violent Unravell  Hex/Tmut       ##........   28%         5    ###....
 Animate Dead             Necr           N/A          38%         4    None
 Petrify                  Tmut/Erth      ##......     38%         4    None
 Alistair's Intoxication  Tmut/Pois      ##......     75%         5    ###....
 Borgnjor's Vile Clutch   Necr/Erth      ##........   75%         5    ###....
 Metabolic Englaciation   Hex/Ice        ##........   75%         5    ###....
 Death Channel            Necr           ##........   99%         6    #####..
 Eringya's Noxious Bog    Tmut/Pois      ##........   99%         6    #####..
 Simulacrum               Ice/Necr       ##........   99%         6    #####..
 Shatter                  Erth           ##........   100%        9    #######


Dungeon Overview and Level Annotations

Branches:
Dungeon (13/15)            Temple (1/1) D:6            Lair (6/6) D:10
  Swamp (0/4) Lair:3        Snake (0/4) Lair:3        Slime (0/5) Lair:6
    Orc (2/2) D:12            Elf (0/3) Orc:2        Vaults (0/5) D:13

Altars:
Cheibriados
Elyvilon
Gozag
Hepliaklqana
Kikubaaqudgha
Makhleb
Okawaru
Qazlal
Sif Muna
Uskayaw
Vehumet
Xom
Yredelemnul

Shops:
D:13 %   Orc:2 :(*[

Annotations:
Lair:1 exclusion: oklob plant
Lair:2 exclusion: oklob plant
Orc:1 Fannar
Orc:2 exclusion: upstairs


Innate Abilities, Weirdness & Mutations

You cannot wear armour.
You are incapable of wielding weapons or throwing items.
Your paws allow you to move quietly. (Stealth)
You have sharp claws.
You have razor-sharp teeth.
You have supernaturally acute eyesight. (SInv)
You are carnivorous and can eat meat at any time.
You cover ground quickly.
Your thick and shaggy fur keeps you warm. (AC +3, rC+)
You have a slow metabolism.
Your sharp claws are effective at attacking unaware monsters.


Message History

Aim: a catoblepas (calcifying dust, heavily wounded)
The air twists around and strikes the catoblepas!
Aim: a catoblepas (severely wounded)
The air twists around and strikes the catoblepas!
The catoblepas closely misses you.
Aim: a catoblepas (severely wounded)
The air twists around and strikes the catoblepas!
The catoblepas breathes a plume of calcifying dust at you.
The blast of calcifying dust hits you.
You are engulfed in calcifying dust.
You are engulfed in calcifying dust.
You are engulfed in calcifying dust.
You are engulfed in calcifying dust.
Aim: a catoblepas (calcifying dust, almost dead)
The air twists around and strikes the catoblepas.
The catoblepas breathes a plume of calcifying dust at you.
The blast of calcifying dust hits you!
Aim: a catoblepas (almost dead)
The air twists around and strikes the catoblepas!
Aim: a catoblepas (calcifying dust, almost dead)
The air twists around and strikes the catoblepas!
You kill the catoblepas!
Vehumet accepts your kill.
You feel your power returning.
You can't see any susceptible monsters within range! (Use Z to cast anyway.)
You can't see any susceptible monsters within range! (Use Z to cast anyway.)
A centaur comes into view.
A centaur is nearby!
Aim: a centaur, quivering 17 arrows (hasn't noticed you)
The air twists around and strikes the centaur!!
The centaur shouts!
You hear a shout!
A centaur warrior comes into view. It is wielding a +0 dagger.
Aim: a centaur, quivering 17 arrows (almost dead)
The air twists around and strikes the centaur!!
You kill the centaur!
Vehumet accepts your kill.
The centaur warrior shouts!
Aim: a centaur warrior, wielding a +0 dagger and quivering 28 arrows The air twists around and strikes the centaur warrior!
The centaur warrior unwields a +0 dagger.
The centaur warrior wields a +0 longbow.
The centaur warrior shoots an arrow.
The arrow barely misses you.
A centaur comes into view.
You don't have enough magic to cast that spell.
The centaur warrior shoots an arrow.
The arrow hits you!!
* * * LOW HITPOINT WARNING * * *
You see here 2 arrows.
A centaur comes into view.
The centaur warrior shoots an arrow.
The arrow hits you!!
You die...

## ##..# ###.)##
... # ##.# #...cc#
... #.# #.....#
Y.. #.# ####c###
#'# #.## #°...§#
#§# # #..#
###.....#######.#
## ##.#
#...(_..........##
.## #.#
#.#.....######...#
#.## #.# #@#§....#
#..... ##.## #.#
#.###.########...#
##.####.#
#.#.........###.##
##.......#
#.#####.###.###.##
#.######## #.# #.#
#....... .##
#.#####.#######.##
##
#...............#
#
#################


You could see a centaur warrior and a centaur.

Vanquished Creatures
  An orc warlord (Orc:2)
  Nessos (D:12)
  Azrael (Orc:2)
  The ghost of Qaryups the Fighter, a journeyman DrSk of Okawaru (D:13)
  6 hydras
  2 catoblepae
  A centaur warrior (D:13)
  2 dancing weapons (D:13)
  6 two-headed ogres
  A death knight (D:11)
  8 death yaks
  4 orc high priests
  Urug (Lair:1)
  A fire crab (Lair:6)
  Nergalle (D:11)
  An unseen horror (D:10)
  5 orc knights (Orc:2)
  4 orc sorcerers (Orc:2)
  2 manticores (D:12)
  3 ugly things
  2 cyclopes
  6 elephants
  3 black mambas
  8 spiny frogs
  A gargoyle (D:12)
  6 centaur skeletons
  A kobold demonologist (D:11)
  A rime drake (Lair:4)
  2 freezing wraiths (D:11)
  A tengu conjurer (D:13)
  5 trolls
  4 polar bears (Lair:6)
  Grinder (D:3)
  5 hornets (Lair:6)
  A dream sheep (Lair:6)
  9 blink frogs
  7 hippogriffs
  2 bog bodies (Lair:3)
  A meliai zombie (D:13)
  14 spriggans
  A vampire (D:13)
  3 wraiths
  A fire elemental (Orc:1)
  12 yaks
  2 wyverns
  A steam dragon (Lair:3)
  4 basilisks
  2 nagas (Lair:3)
  3 wargs
  A soldier ant (D:12)
  2 swamp worms (Lair:3)
  2 hell hounds (Orc:2)
  11 water moccasins
  7 porcupines
  37 orc warriors
  2 ice beasts
  3 sky beasts
  A phantom (D:7)
  3 black bears
  4 boggarts (Lair:6)
  A necrophage (D:11)
  33 wolves
  8 ogres
  2 eyes of draining
  4 centaurs (D:13)
  A big kobold (D:10)
  10 crocodiles
  10 bullfrogs
  A wyvern zombie (D:11)
  A water moccasin zombie (D:9)
  A water moccasin skeleton (D:12)
  2 scorpions
  15 killer bees (D:10)
  3 wights (D:10)
  7 electric eels
  A howler monkey (D:8)
  7 crimson imps
  A quasit (D:9)
  A bullfrog zombie (D:6)
  3 centaur zombies
  Crazy Yiuf (D:3)
  5 hounds
  5 jellies
  32 orc priests
  37 orc wizards
  Natasha (D:2)
  Jessica (D:3)
  3 bullfrog skeletons
  3 iguanas
  Terence (D:3)
  8 worker ants
  3 hound zombies
  A hound skeleton (D:8)
  A worker ant zombie (D:5)
  Robin (D:4)
  11 adders
  A shadow imp (D:11)
  12 white imps (Lair:1)
  2 oozes
  4 adder skeletons
  2 worms
  2 dart slugs
  5 leopard geckos
  102 orcs
  5 bats
  5 giant cockroaches
  14 goblins
  10 hobgoblins
  3 jackals (D:3)
  5 quokkas
  17 frilled lizards
  16 kobolds
  A quokka zombie (D:5)
  8 rats
674 creatures vanquished.

Vanquished Creatures (collateral kills)
  A ball lightning (D:12)
  A fire elemental (Orc:2)
  A hell hound (Orc:2)
  An orc (Orc:2)
4 creatures vanquished.

Vanquished Creatures (others)
  13 ball lightnings
  An orc priest (Orc:2)
  An orc (Orc:1)
  A bush (Lair:4)
  18 fungi
  8 plants
42 creatures vanquished.

Grand Total: 720 creatures vanquished

Notes
Turn   | Place    | Note
-------+----------+-------------------------------------------
     0 | D:1      | vurker the Felid Air Elementalist began the quest for the
                  | Orb.
     0 | D:1      | Reached XP level 1. HP: 7/7 MP: 4/4
    63 | D:1      | Reached skill level 1 in Conjurations
   262 | D:1      | Reached XP level 2. HP: 12/12 MP: 3/6
   757 | D:2      | Reached XP level 3. HP: 10/15 MP: 0/7
  1686 | D:2      | Found a basalt altar of Yredelemnul.
  1774 | D:2      | Reached skill level 1 in Fighting
  2029 | D:2      | Noticed Natasha
  2042 | D:2      | Killed Natasha
  2042 | D:2      | Reached XP level 4. HP: 7/19 MP: 0/9
  2405 | D:3      | Noticed Jessica
  2634 | D:3      | Killed Jessica
  2763 | D:3      | Reached XP level 5. HP: 22/22 MP: 1/10
  3241 | D:3      | Noticed Terence
  3361 | D:3      | Learned a level 5 spell: Lightning Bolt
  3366 | D:3      | Learned a level 4 spell: Airstrike
  3439 | D:3      | Noticed Grinder
  3449 | D:3      | Paralysed by Grinder for 4 turns
  3457 | D:3      | Killed Grinder
  3457 | D:3      | Gained mutation: You are covered in thick fur. (AC +2)
                  | [Felid growth]
  3457 | D:3      | Reached XP level 6. HP: 2/26 MP: 1/12
  3638 | D:3      | Killed Terence
  3803 | D:3      | Found a runed translucent door.
  3804 | D:3      | Noticed Crazy Yiuf
  4118 | D:3      | Found a stormy altar of Qazlal.
  4814 | D:3      | Killed Crazy Yiuf
  4814 | D:3      | Reached XP level 7. HP: 30/30 MP: 8/14
  5175 | D:3      | Found a stormy altar of Qazlal.
  5853 | D:4      | Noticed Robin
  6457 | D:4      | Killed Robin
  6856 | D:5      | Entered Level 5 of the Dungeon
  7043 | D:5      | Reached skill level 5 in Air Magic
  7487 | D:5      | Found a burning altar of Makhleb.
  7488 | D:5      | Reached XP level 8. HP: 33/33 MP: 11/16
  7841 | D:6      | Found a staircase to the Ecumenical Temple.
  7855 | Temple   | Entered the Ecumenical Temple
  7938 | Temple   | Became a worshipper of Vehumet
  8210 | D:6      | Reached skill level 5 in Spellcasting
  9282 | D:7      | Found a hazy altar of Hepliaklqana.
  9497 | D:7      | Reached skill level 5 in Stealth
  9765 | D:7      | Reached * piety under Vehumet
  9765 | D:7      | Offered knowledge of Magic Dart by Vehumet.
  9765 | D:7      | Reached skill level 5 in Dodging
  9833 | D:7      | Noticed a hippogriff
  9846 | D:7      | Killed a hippogriff
 10083 | D:7      | Reached skill level 1 in Evocations
 10360 | D:7      | Got a scorched bronze ring
 10379 | D:7      | Reached XP level 9. HP: 37/37 MP: 9/19
 11158 | D:8      | Identified the ring of Zyfi {*Drain +Blink Int+8 Slay+3}
                  | (You found it on level 7 of the Dungeon)
 11334 | D:8      | Reached skill level 5 in Conjurations
 11983 | D:8      | Found an iron altar of Okawaru.
 12511 | D:9      | Noticed a +0 hand axe
 12511 | D:9      | Noticed a +0 hand axe
 12521 | D:9      | Offered knowledge of Sandblast by Vehumet.
 12803 | D:9      | Reached ** piety under Vehumet
 13006 | D:9      | Noticed a troll
 13010 | D:9      | Killed a troll
 13104 | D:9      | Found an opulent altar of Gozag.
 13530 | D:9      | Found a hide-covered altar of Uskayaw.
 13588 | D:10     | Entered Level 10 of the Dungeon
 13763 | D:10     | Found a shimmering blue altar of Sif Muna.
 13773 | D:10     | Noticed a two-headed ogre
 13775 | D:10     | Reached XP level 10. HP: 42/42 MP: 13/22
 13815 | D:10     | Killed a two-headed ogre
 14555 | D:10     | Found a staircase to the Lair.
 14766 | D:10     | Offered knowledge of Frozen Ramparts by Vehumet.
 15428 | D:10     | Noticed an unseen horror
 15431 | D:10     | Killed an unseen horror
 15431 | D:10     | Reached skill level 5 in Fighting
 16040 | D:11     | Found a burning altar of Makhleb.
 16045 | D:11     | Noticed a two-headed ogre
 16065 | D:11     | Killed a two-headed ogre
 16065 | D:11     | Reached skill level 5 in Evocations
 16083 | D:11     | Reached *** piety under Vehumet
 16083 | D:11     | Reached XP level 11. HP: 47/47 MP: 4/24
 16897 | D:11     | Noticed Nergalle
 16903 | D:11     | Killed Nergalle
 17131 | D:11     | Noticed a death knight
 17390 | D:11     | Offered knowledge of Dazzling Flash by Vehumet.
 17659 | D:11     | Noticed an eight-headed hydra
 17664 | D:11     | Killed an eight-headed hydra
 17779 | D:11     | Noticed a two-headed ogre
 17783 | D:11     | Killed a two-headed ogre
 18041 | D:11     | Killed a death knight
 18194 | D:11     | Found a burning altar of Makhleb.
 18797 | D:12     | Noticed a two-headed ogre
 18803 | D:12     | Killed a two-headed ogre
 18803 | D:12     | Reached skill level 10 in Air Magic
 19071 | D:12     | Noticed a two-headed ogre
 19076 | D:12     | Killed a two-headed ogre
 19076 | D:12     | Reached skill level 10 in Spellcasting
 19202 | D:12     | Noticed a green ugly thing
 19207 | D:12     | Killed a green ugly thing
 19414 | D:12     | Reached **** piety under Vehumet
 19417 | D:12     | Noticed a two-headed ogre
 19576 | D:12     | Killed a two-headed ogre
 19576 | D:12     | Gained mutation: Your thick and shaggy fur keeps you warm.
                  | (AC +3, rC+) [Felid growth]
 19576 | D:12     | Reached XP level 12. HP: 51/51 MP: 7/27
 19928 | D:12     | Noticed Nessos
 19935 | D:12     | HP: 2/51 [Nessos/arrow (6)]
 19935 | D:12     | Slain by a white ugly thing
 19936 | D:12     | Reached XP level 11. HP: -5/47 MP: 13/35
 20030 | D:12     | Got a steaming marble ring
 20046 | D:12     | Found a staircase to the Orcish Mines.
 20084 | D:12     | Killed Nessos
 20483 | D:12     | Offered knowledge of Iskenderun's Mystic Blast by Vehumet.
 20502 | D:12     | Killed a white ugly thing
 20816 | D:10     | Identified the ring "Zucuimif" {rPois rN+ Int+2} (You found
                  | it on level 12 of the Dungeon)
 20829 | Lair:1   | Entered Level 1 of the Lair of Beasts
 20829 | Lair:1   | Noticed Urug
 21300 | Lair:1   | Killed Urug
 21456 | Lair:1   | Noticed a seven-headed hydra
 21749 | Lair:1   | Killed a seven-headed hydra
 22295 | Lair:1   | Noticed an oklob plant
 23270 | Lair:2   | Noticed an oklob plant
 23557 | Lair:2   | Reached XP level 12. HP: 22/51 MP: 14/28
 24566 | Lair:3   | Found a staircase to the Snake Pit.
 25070 | Lair:3   | Noticed a five-headed hydra
 25076 | Lair:3   | Killed a five-headed hydra
 25307 | Lair:3   | Reached ***** piety under Vehumet
 25545 | Lair:3   | Found a staircase to the Swamp.
 25767 | Lair:4   | Offered knowledge of Lee's Rapid Deconstruction by Vehumet.
 25836 | Lair:4   | Noticed a seven-headed hydra
 25850 | Lair:4   | Killed a seven-headed hydra
 26285 | Lair:4   | Noticed a death yak
 26286 | Lair:4   | Noticed a death yak
 26298 | Lair:4   | Noticed a death yak
 26299 | Lair:4   | Killed a death yak
 26646 | Lair:4   | Noticed a death yak
 26652 | Lair:4   | Killed a death yak
 27031 | Lair:4   | Killed a death yak
 27220 | Lair:4   | Noticed a death yak
 27222 | Lair:4   | Noticed a death yak
 27394 | Lair:4   | Killed a death yak
 27561 | Lair:4   | Killed a death yak
 27672 | Lair:4   | Killed a death yak
 28723 | Lair:5   | Noticed a seven-headed hydra
 28727 | Lair:5   | Killed a seven-headed hydra
 28847 | Lair:5   | Reached XP level 13. HP: 55/55 MP: 28/29
 29533 | Lair:5   | Learned a level 5 spell: Irradiate
 30413 | Lair:6   | Entered Level 6 of the Lair of Beasts
 30443 | Lair:6   | HP: 1/55 [fire crab] (11)]
 30910 | Lair:6   | Found a staircase to the Slime Pits.
 31217 | Lair:6   | Killed from afar by a fire crab
 31218 | Lair:6   | Reached XP level 12. HP: 0/52 MP: 35/38
 31672 | Lair:6   | Killed a catoblepas
 32839 | Lair:6   | Offered knowledge of Conjure Ball Lightning by Vehumet.
 32839 | Lair:6   | Reached XP level 13. HP: 56/56 MP: 5/30
 34098 | Lair:6   | Learned a level 6 spell: Conjure Ball Lightning
 34289 | Orc:1    | Entered Level 1 of the Orcish Mines
 35106 | Orc:2    | Entered Level 2 of the Orcish Mines
 35267 | Orc:2    | Found a staircase to the Elven Halls.
 35276 | Orc:2    | Found a burning altar of Makhleb.
 36775 | Orc:2    | Offered knowledge of Orb of Destruction by Vehumet.
 36784 | Orc:2    | Learned a level 7 spell: Orb of Destruction
 37533 | Orc:2    | Paralysed by an orc sorcerer for 7 turns
 37538 | Orc:2    | HP: 2/57 [ufetubus[an orc sorcerer] (5)]
 37538 | Orc:2    | Slain by an orc
 37539 | Orc:2    | Reached XP level 12. HP: -1/53 MP: 19/38
 38321 | Orc:2    | Noticed an orc high priest
 38326 | Orc:2    | Killed an orc high priest
 38462 | Orc:2    | Noticed Azrael
 38639 | Orc:2    | Killed Azrael
 38639 | Orc:2    | Reached skill level 10 in Evocations
 38699 | Orc:2    | Reached XP level 13. HP: 57/57 MP: 30/30
 38744 | Orc:1    | Noticed Fannar
 38784 | Orc:2    | Noticed an orc warlord
 39011 | Orc:2    | Killed an orc warlord
 39580 | Orc:2    | Found Raluseda's Antique Armour Shoppe.
 39581 | Orc:2    | Found Bewet's Antique Weapon Shoppe.
 39582 | Orc:2    | Found Fisaj's General Store.
 39582 | Orc:2    | Found Zesaavir's Book Emporium.
 39722 | Orc:2    | Bought a manual of Evocations for 1435 gold pieces
 39950 | D:13     | Found a runed translucent gate.
 39967 | D:13     | Found a runed translucent gate.
 40006 | D:13     | Found a runed translucent gate.
 40009 | D:13     | Noticed Qaryups's ghost (journeyman DrSk)
 40061 | D:13     | Killed Qaryups's ghost
 40067 | D:13     | Identified the Catalogue of the Mountains
 40644 | D:13     | Found a gate to the Vaults.
 40831 | D:13     | Found Baysuh's Food Emporium.
 41171 | D:13     | Found a stormy altar of Qazlal.
 41245 | D:13     | Shot with an arrow by a centaur warrior

Levels and vault maps discovered:
D:1:      ncdulo_lavacross, layout_basic, minmay_lizard_pond
D:2:      layout_basic, yredelemnul_altar_generic, uniq_natasha
D:3:      minmay_skewed_foursquare, layout_loops_ring, lemuel_round_altar,
          grunt_decor_one_mirror, uniq_grinder, uniq_terence, uniq_jessica,
          uniq_crazy_yiuf_cottage
D:4:      layout_gridville, first_ration, uniq_robin
D:5:      layout_cave_pools, makhleb_grotto_becter
D:6:      layout_rooms, minmay_temple_entry_statues_fountains,
          chequers_mini_garden
D:7:      layout_loops_corners, basic_altar
D:8:      layout_loops_ring, okawaru_gym_becter, serial_bayou_pond_c
D:9:      layout_rooms, dancing_weapons_uskayaw, grunt_gozag_statues
D:10:     layout_loops_cross, erik_lair_orcish_takeover, grunt_pizzeria,
          lemuel_altar_in_water
D:11:     layout_cave_pods, basic_altar, kennysheep_boxes, uniq_nergalle
D:12:     layout_irregular_city, orc_0_dummy, uniq_nessos
D:13:     layout_loops_corners, erik_vaults_1, serial_shops, shop,
          ebering_ghost_rock_garden, grunt_qazlal_clouds
Temple:   compressed_dpeg_circular_temple
Lair:1:   layout_roguey, portal_ice_cave_entry_imps,
          chequers_serial_rivers_room_b, grunt_forest_small_clearings,
          minmay_lair_oklob_chamber, uniq_urug
Lair:2:   minmay_lair_oklob_tunnel, layout_regular_city
Lair:3:   layout_gridlike, nicolae_swamp_entry_splash_gauntlet,
          guppyfry_snake_entry_island, grunt_megastairs_1, lemuel_fruit_fields,
          infiniplex_staircase_pool, serial_bayou_shore_b
Lair:4:   layout_gridlike, beast_lair_carwin_4
Lair:5:   layout_roguey, beast_lair_carwin_11
Lair:6:   minmay_lair_end_enchanted_forest, layout_layer_cave,
          nicolae_slime_entry_slimehenge, st_stairs_6, guppyfry_lair_drakes
Orc:1:    layout_diamond_mine, uniq_fannar
Orc:2:    st_orc_congregation, layout_caves, basic_altar, uniq_azrael

Skill      XL: |  1  2  3  4  5  6  7  8  9 10 11 12 13 |
---------------+----------------------------------------+-----
Conjurations   | 1 2 3 4 5 6 8 9 |  9.7
Air Magic      | 3 4 5 6 7 9 11 13 | 13.2
Fighting       | 1 2 4 5 7 6 |  7.4
Spellcasting   | 3 4 6 7 8 11 13 | 13.0
Stealth        | 3 4 5 6 9 |  9.0
Dodging        | 3 5 8 |  8.5
Evocations     | 1 3 5 8 10 9 | 10.2

Action                   |  1- 3 |  4- 6 |  7- 9 | 10-12 | 13-15 || total
-------------------------+-------+-------+-------+-------+-------++-------
Melee: Unarmed           |    26 |       |     8 |    35 |       ||    69
       Bite              |     4 |       |       |     3 |       ||     7
 Cast: Shock             |    94 |   123 |   161 |    22 |       ||   400
       Airstrike         |       |     3 |   123 |   627 |   367 ||  1120
       Lightning Bolt    |       |       |       |    15 |     4 ||    19
       Irradiate         |       |       |       |     7 |    14 ||    21
       Conjure Ball Ligh |       |       |       |       |     6 ||     6
Evoke: Wand              |       |       |     3 |    27 |    14 ||    44
       Box of beasts     |       |       |       |     2 |       ||     2
       Sack of spiders   |       |       |       |     1 |     1 ||     2
  Use: Scroll            |       |       |    18 |     8 |     5 ||    31
       Potion            |       |       |       |     1 |       ||     1
 Stab: Paralysed         |       |       |       |     8 |       ||     8
  Eat: Chunk             |    10 |     5 |    31 |    54 |    23 ||   123
Armor: Skin              |     2 |     1 |     8 |    12 |     5 ||    28
Dodge: Dodged            |    40 |    24 |    33 |   144 |   113 ||   354

Table legend:
 A = Non-vault XP
 B = Vault XP
 C = Vault XP percentage of total XP
 D = Non-vault monster count
 E = Vault monster count
 F = Vault count percentage of total count
                 A         B        C        D         E       F
            +---------+---------+-------+---------+---------+-------
      Total |   62647 |   37195 |  37.3 |     479 |     198 |  29.2
            +---------+---------+-------+---------+---------+-------
        D:1 |      22 |       7 |  24.1 |      12 |       7 |  36.8
        D:2 |      65 |      39 |  37.5 |      20 |       1 |   4.8
        D:3 |     208 |     402 |  65.9 |      40 |       9 |  18.4
        D:4 |     223 |      34 |  13.2 |       7 |      11 |  61.1
        D:5 |     439 |      48 |   9.9 |      17 |       1 |   5.6
        D:6 |     554 |       0 |   0.0 |      22 |       0 |   0.0
        D:7 |    1145 |       0 |   0.0 |      21 |       0 |   0.0
        D:8 |     675 |       0 |   0.0 |      26 |       0 |   0.0
        D:9 |    1221 |       0 |   0.0 |      22 |       0 |   0.0
       D:10 |    3807 |     811 |  17.6 |      37 |       9 |  19.6
       D:11 |    7285 |     785 |   9.7 |      33 |       1 |   2.9
       D:12 |    8556 |    1334 |  13.5 |      45 |       1 |   2.2
       D:13 |    4062 |    2860 |  41.3 |      17 |       3 |  15.0
     Lair:1 |    4548 |     965 |  17.5 |      22 |      13 |  37.1
     Lair:2 |    1664 |       0 |   0.0 |       8 |       0 |   0.0
     Lair:3 |    1777 |    1806 |  50.4 |       6 |       9 |  60.0
     Lair:4 |    8492 |    1737 |  17.0 |      21 |       4 |  16.0
     Lair:5 |    5886 |    1870 |  24.1 |      17 |       3 |  15.0
     Lair:6 |    6276 |   11327 |  64.3 |      26 |      54 |  67.5
      Orc:1 |    1659 |     238 |  12.5 |      23 |       2 |   8.0
      Orc:2 |    4083 |   12932 |  76.0 |      37 |      70 |  65.4
            +---------+---------+-------+---------+---------+-------
